[ PARTIDA AOE2 · #483191120 ]
UnrankedCeltas vs Saracens
[ ANÁLISIS DE REPETICIÓN · EXTRAÍDO DE LA PARTIDA GRABADA ]
Feudal
12:09
Castillos
15:44
Imperial
29:42
| APM promedio | 32.6 |
| APM pico | 77 |
| eAPM promedio | 20.9 |
| Aldeanos / militares | 162 / 381 |
Foco
⚔️ 35.4% · 🌾 64.6%
Woad Raider ×194 · Spearman ×105 · Scorpion ×40 · Battering Ram ×39 · Monk ×3
Feudal
9:31
Castillos
14:13
Imperial
30:50
| APM promedio | 17.2 |
| APM pico | 42 |
| eAPM promedio | 14.2 |
| Aldeanos / militares | 109 / 268 |
Foco
⚔️ 31.4% · 🌾 68.6%
Skirmisher ×129 · Spearman ×100 · Mameluke ×33 · Trebuchet (Packed) ×4 · Monk ×2
Feudal
—
Castillos
—
Imperial
—
| APM promedio | 30.5 |
| APM pico | 167 |
| eAPM promedio | 19.5 |
| Aldeanos / militares | 202 / 200 |
Foco
⚔️ 21.4% · 🌾 78.6%
Camel Scout ×109 · Mangudai ×48 · Battering Ram ×39 · Trebuchet (Packed) ×3 · Monk ×1
Feudal
11:58
Castillos
18:23
Imperial
33:58
| APM promedio | 18.4 |
| APM pico | 36 |
| eAPM promedio | 15.5 |
| Aldeanos / militares | 123 / 156 |
Foco
⚔️ 45.9% · 🌾 54.1%
Skirmisher ×48 · Knight ×43 · Spearman ×38 · Throwing Axeman ×18 · Scout Cavalry ×7 · Archer ×1
Feudal
—
Castillos
—
Imperial
—
| APM promedio | 14.8 |
| APM pico | 53 |
| eAPM promedio | 13.0 |
| Aldeanos / militares | 141 / 260 |
Foco
⚔️ 32.2% · 🌾 67.8%
Skirmisher ×98 · Longbowman ×87 · Spearman ×74 · Mangonel ×1
Feudal
10:25
Castillos
14:45
Imperial
28:56
| APM promedio | 32.3 |
| APM pico | 115 |
| eAPM promedio | 21.3 |
| Aldeanos / militares | 234 / 67 |
Foco
⚔️ 16.5% · 🌾 83.5%
War Elephant ×29 · Mangonel ×16 · Bombard Cannon ×6 · Camel Scout ×5 · Monk ×4 · Scorpion ×4
Feudal
—
Castillos
—
Imperial
—
| APM promedio | 14.4 |
| APM pico | 35 |
| eAPM promedio | 10.5 |
| Aldeanos / militares | 136 / 276 |
Foco
⚔️ 36.1% · 🌾 63.9%
Genitour ×145 · Camel Scout ×61 · Hand Cannoneer ×59 · Camel Archer ×7 · Trebuchet (Packed) ×4
Feudal
11:10
Castillos
15:28
Imperial
31:37
| APM promedio | 17.0 |
| APM pico | 37 |
| eAPM promedio | 13.8 |
| Aldeanos / militares | 149 / 178 |
Foco
⚔️ 30.5% · 🌾 69.5%
Militia ×167 · Unknown (1920) ×33 · Iron Pagoda ×8 · Unknown (1923) ×5 · Trebuchet (Packed) ×3
Mapa de la partida
Recursos iniciales + cada clic de construcción. Líneas = muros · curvas = relieve. ◆ oro · ⬟ piedra · ● bayas · ✦ reliquia · ◌ hueco del cierre
Tu base· ✓ Cerrada en 15:44 · 0t muro · 2 puerta(s)
Base de Shermanugus· ✓ Cerrada en 14:13 · 0t muro · 2 puerta(s)
Base de ArkaelS4· ✓ Cerrada en 11:49 · 0t muro · 3 puerta(s)
Base de La Pieza Geek· ✓ Cerrada en 18:23 · 0t muro · 3 puerta(s)
Base de helpsu· ✓ Cerrada en 13:19 · 0t muro · 2 puerta(s)
Base de jaiderreyes4· ✓ Cerrada en 14:45 · 0t muro · 2 puerta(s)
Base de iTzLiMa· ✓ Cerrada en 13:10 · 0t muro · 3 puerta(s)
Base de Clifordino· ✓ Cerrada en 15:28 · 0t muro · 3 puerta(s)
Terreno inicial suavizado · ◌ = hueco del cierre detectado · pasá el cursor para detalles
Inputs por minuto
— 那須之浩 - - Shermanugus
Build order — 那須之浩
Primeras 150 de 418 acciones detectadas
| 0:02 | Crear | Villager (Male) |
| 0:02 | Crear | Villager (Male) |
| 0:02 | Crear | Villager (Male) |
| 0:07 | Construir | House |
| 0:09 | Construir | House |
| 0:28 | Crear | Villager (Male) |
| 0:28 | Crear | Villager (Male) |
| 1:31 | Crear | Villager (Male) |
| 1:32 | Crear | Villager (Male) |
| 1:48 | Construir | Lumber Camp |
| 1:50 | Crear | Villager (Male) |
| 2:23 | Crear | Villager (Male) |
| 2:24 | Crear | Villager (Male) |
| 2:54 | Crear | Villager (Male) |
| 2:54 | Crear | Villager (Male) |
| 3:12 | Crear | Villager (Male) |
| 3:12 | Crear | Villager (Male) |
| 3:27 | Crear | Villager (Male) |
| 3:27 | Crear | Villager (Male) |
| 3:54 | Construir | House |
| 3:55 | Construir | House |
| 3:56 | Construir | House |
| 4:02 | Crear | Villager (Male) |
| 4:02 | Crear | Villager (Male) |
| 4:02 | Crear | Villager (Male) |
| 4:32 | Construir | Mill |
| 5:24 | Crear | Villager (Male) |
| 5:24 | Crear | Villager (Male) |
| 5:24 | Crear | Villager (Male) |
| 5:24 | Crear | Villager (Male) |
| 5:25 | Crear | Villager (Male) |
| 6:29 | Crear | Villager (Male) |
| 6:29 | Crear | Villager (Male) |
| 6:40 | Crear | Villager (Male) |
| 6:40 | Crear | Villager (Male) |
| 6:40 | Crear | Villager (Male) |
| 6:40 | Crear | Villager (Male) |
| 6:41 | Crear | Villager (Male) |
| 7:11 | Construir | Mill |
| 7:21 | Crear | Villager (Male) |
| 7:21 | Crear | Villager (Male) |
| 7:21 | Crear | Villager (Male) |
| 7:21 | Crear | Villager (Male) |
| 7:22 | Crear | Villager (Male) |
| 7:22 | Crear | Villager (Male) |
| 7:38 | Construir | Mining Camp |
| 7:57 | Crear | Villager (Male) |
| 7:57 | Crear | Villager (Male) |
| 7:57 | Crear | Villager (Male) |
| 9:20 | Investigar | Feudal Age |
| 9:39 | Construir | Lumber Camp |
| 10:00 | Crear | Villager (Male) |
| 10:00 | Crear | Villager (Male) |
| 12:09 | Edad | Edad Feudal |
| 12:12 | Construir | Blacksmith |
| 12:16 | Construir | Market |
| 12:40 | Construir | House |
| 12:55 | Investigar | Double-Bit Axe |
| 13:04 | Investigar | Castle Age |
| 13:08 | Investigar | Horse Collar |
| 13:28 | Construir | Farm |
| 13:34 | Construir | Farm |
| 13:36 | Construir | Farm |
| 14:52 | Construir | Farm |
| 14:53 | Construir | Farm |
| 14:55 | Construir | Farm |
| 14:57 | Construir | Farm |
| 14:58 | Construir | Farm |
| 15:03 | Construir | Farm |
| 15:44 | Edad | Edad de los Castillos |
| 15:49 | Construir | Town Center |
| 16:01 | Construir | Town Center |
| 16:03 | Crear | Villager (Male) |
| 16:08 | Investigar | Bow Saw |
| 16:18 | Investigar | Heavy Plow |
| 16:29 | Crear | Villager (Male) |
| 16:31 | Crear | Villager (Male) |
| 16:57 | Crear | Villager (Male) |
| 16:58 | Crear | Villager (Male) |
| 17:03 | Construir | Farm |
| 17:04 | Construir | Farm |
| 17:09 | Crear | Villager (Male) |
| 17:13 | Construir | Farm |
| 17:19 | Construir | Farm |
| 17:28 | Crear | Villager (Male) |
| 17:38 | Construir | Monastery |
| 17:40 | Construir | House |
| 17:47 | Crear | Villager (Male) |
| 17:47 | Crear | Villager (Male) |
| 17:55 | Construir | Farm |
| 17:56 | Construir | Farm |
| 17:57 | Construir | Farm |
| 18:05 | Construir | Farm |
| 18:06 | Crear | Villager (Male) |
| 18:06 | Crear | Villager (Male) |
| 18:15 | Construir | Farm |
| 18:19 | Crear | Villager (Male) |
| 18:19 | Crear | Villager (Male) |
| 18:38 | Construir | Castle |
| 18:40 | Construir | House |
| 18:44 | Crear | Villager (Male) |
| 18:44 | Crear | Villager (Male) |
| 18:54 | Crear | Monk |
| 18:56 | Crear | Villager (Male) |
| 18:57 | Crear | Villager (Male) |
| 18:57 | Crear | Villager (Male) |
| 19:04 | Construir | Farm |
| 19:06 | Construir | Farm |
| 19:08 | Crear | Villager (Male) |
| 19:23 | Construir | Town Center |
| 19:24 | Crear | Villager (Male) |
| 19:54 | Crear | Villager (Male) |
| 19:54 | Crear | Villager (Male) |
| 20:00 | Crear | Villager (Male) |
| 20:00 | Crear | Villager (Male) |
| 20:00 | Crear | Villager (Male) |
| 20:04 | Crear | Villager (Male) |
| 20:04 | Crear | Villager (Male) |
| 20:09 | Crear | Villager (Male) |
| 20:09 | Crear | Villager (Male) |
| 20:25 | Crear | Villager (Male) |
| 20:25 | Crear | Villager (Male) |
| 20:26 | Crear | Villager (Male) |
| 20:30 | Construir | Farm |
| 20:30 | Construir | Farm |
| 20:30 | Construir | Farm |
| 20:30 | Construir | Farm |
| 20:31 | Construir | Farm |
| 20:35 | Construir | Farm |
| 20:40 | Construir | Farm |
| 20:41 | Construir | Farm |
| 20:43 | Construir | Farm |
| 20:51 | Construir | Farm |
| 20:51 | Crear | Villager (Male) |
| 20:52 | Crear | Villager (Male) |
| 20:52 | Crear | Villager (Male) |
| 21:06 | Crear | Villager (Male) |
| 21:06 | Crear | Villager (Male) |
| 21:06 | Crear | Villager (Male) |
| 21:18 | Crear | Villager (Male) |
| 21:19 | Crear | Villager (Male) |
| 21:24 | Construir | Town Center |
| 21:25 | Crear | Villager (Male) |
| 21:26 | Crear | Villager (Male) |
| 21:30 | Construir | Farm |
| 21:38 | Investigar | Wheelbarrow |
| 21:40 | Crear | Villager (Male) |
| 21:48 | Crear | Villager (Male) |
| 21:54 | Construir | Farm |
| 21:55 | Construir | Farm |
Build order — Shermanugus
Primeras 150 de 376 acciones detectadas
| 0:03 | Construir | House |
| 0:04 | Construir | House |
| 0:05 | Crear | Villager (Male) |
| 0:05 | Crear | Villager (Male) |
| 0:06 | Crear | Villager (Male) |
| 0:06 | Crear | Villager (Male) |
| 1:32 | Crear | Villager (Male) |
| 1:48 | Construir | Lumber Camp |
| 1:51 | Crear | Villager (Male) |
| 2:22 | Crear | Villager (Male) |
| 3:03 | Crear | Villager (Male) |
| 3:03 | Crear | Villager (Male) |
| 3:28 | Construir | House |
| 3:36 | Crear | Villager (Male) |
| 3:41 | Investigar | Loom |
| 3:41 | Crear | Villager (Male) |
| 4:07 | Crear | Villager (Male) |
| 4:07 | Crear | Villager (Male) |
| 4:37 | Crear | Villager (Male) |
| 4:44 | Crear | Villager (Male) |
| 5:13 | Construir | Mill |
| 6:13 | Crear | Villager (Male) |
| 6:42 | Crear | Villager (Male) |
| 7:06 | Construir | House |
| 7:21 | Investigar | Feudal Age |
| 7:56 | Crear | Villager (Male) |
| 7:56 | Crear | Villager (Male) |
| 8:14 | Construir | House |
| 9:31 | Edad | Edad Feudal |
| 9:34 | Construir | Market |
| 9:41 | Construir | Blacksmith |
| 9:48 | Crear | Villager (Male) |
| 10:10 | Construir | Mill |
| 10:16 | Crear | Villager (Male) |
| 10:23 | Investigar | Double-Bit Axe |
| 10:25 | Crear | Villager (Male) |
| 11:33 | Investigar | Castle Age |
| 11:57 | Construir | House |
| 11:59 | Construir | House |
| 12:06 | Crear | Villager (Male) |
| 12:06 | Crear | Villager (Male) |
| 13:14 | Construir | Farm |
| 13:14 | Construir | Farm |
| 13:14 | Construir | Farm |
| 13:56 | Construir | Lumber Camp |
| 13:59 | Crear | Villager (Male) |
| 13:59 | Crear | Villager (Male) |
| 14:13 | Edad | Edad de los Castillos |
| 14:44 | Investigar | Fletching |
| 14:55 | Investigar | Bow Saw |
| 14:59 | Construir | Farm |
| 15:00 | Construir | Farm |
| 15:00 | Construir | Farm |
| 15:05 | Construir | Farm |
| 15:20 | Construir | Barracks |
| 15:50 | Construir | Town Center |
| 15:52 | Crear | Villager (Male) |
| 16:00 | Construir | Farm |
| 16:02 | Crear | Villager (Male) |
| 16:21 | Construir | Archery Range |
| 16:26 | Crear | Villager (Male) |
| 16:26 | Crear | Villager (Male) |
| 16:30 | Construir | Farm |
| 16:30 | Construir | Farm |
| 16:54 | Crear | Spearman |
| 17:12 | Construir | Monastery |
| 17:15 | Crear | Villager (Male) |
| 17:15 | Crear | Villager (Male) |
| 17:20 | Construir | Farm |
| 17:20 | Construir | Farm |
| 17:37 | Crear | Villager (Male) |
| 18:12 | Crear | Villager (Male) |
| 18:13 | Crear | Villager (Male) |
| 18:13 | Crear | Villager (Male) |
| 18:18 | Crear | Villager (Male) |
| 18:19 | Crear | Villager (Male) |
| 18:19 | Crear | Villager (Male) |
| 18:40 | Crear | Villager (Male) |
| 19:07 | Investigar | Elite Skirmisher (upgrade) |
| 19:10 | Crear | Skirmisher |
| 19:10 | Crear | Skirmisher |
| 19:17 | Crear | Villager (Male) |
| 19:21 | Construir | Farm |
| 19:21 | Construir | Farm |
| 19:21 | Construir | Farm |
| 19:29 | Crear | Villager (Male) |
| 19:34 | Construir | House |
| 19:35 | Construir | House |
| 19:37 | Construir | House |
| 19:38 | Construir | House |
| 19:39 | Construir | House |
| 19:40 | Construir | House |
| 20:03 | Crear | Monk |
| 20:12 | Crear | Spearman |
| 20:27 | Crear | Spearman |
| 20:35 | Crear | Skirmisher |
| 20:44 | Crear | Villager (Male) |
| 20:44 | Crear | Villager (Male) |
| 20:46 | Crear | Villager (Male) |
| 20:54 | Crear | Villager (Male) |
| 20:54 | Crear | Villager (Male) |
| 21:18 | Crear | Villager (Male) |
| 21:18 | Crear | Villager (Male) |
| 21:26 | Construir | Town Center |
| 21:35 | Crear | Monk |
| 21:39 | Crear | Villager (Male) |
| 21:39 | Crear | Villager (Male) |
| 22:00 | Construir | Archery Range |
| 22:06 | Crear | Skirmisher |
| 22:07 | Crear | Skirmisher |
| 22:10 | Crear | Villager (Male) |
| 22:10 | Crear | Villager (Male) |
| 22:20 | Construir | University |
| 22:30 | Crear | Villager (Male) |
| 22:31 | Crear | Villager (Male) |
| 22:31 | Crear | Villager (Male) |
| 22:40 | Crear | Villager (Male) |
| 22:45 | Crear | Villager (Male) |
| 22:45 | Crear | Villager (Male) |
| 22:59 | Crear | Villager (Male) |
| 22:59 | Crear | Villager (Male) |
| 23:00 | Crear | Villager (Male) |
| 23:10 | Crear | Skirmisher |
| 23:11 | Crear | Skirmisher |
| 23:11 | Crear | Skirmisher |
| 23:11 | Crear | Skirmisher |
| 23:28 | Construir | Archery Range |
| 23:37 | Crear | Skirmisher |
| 23:43 | Crear | Skirmisher |
| 23:48 | Crear | Skirmisher |
| 23:51 | Crear | Skirmisher |
| 23:58 | Investigar | Padded Archer Armor |
| 24:04 | Crear | Villager (Male) |
| 24:04 | Crear | Villager (Male) |
| 24:08 | Crear | Villager (Male) |
| 24:08 | Crear | Villager (Male) |
| 24:08 | Crear | Villager (Male) |
| 24:23 | Construir | Farm |
| 24:23 | Construir | Farm |
| 24:23 | Construir | Farm |
| 24:23 | Construir | Farm |
| 24:24 | Construir | Farm |
| 24:24 | Construir | Farm |
| 24:24 | Construir | Farm |
| 24:25 | Construir | Farm |
| 24:25 | Construir | Farm |
| 24:25 | Construir | Farm |
| 24:46 | Construir | House |
| 24:48 | Construir | House |
| 24:48 | Construir | House |
Build order — ArkaelS4
Primeras 150 de 483 acciones detectadas
| 0:03 | Construir | House |
| 0:05 | Construir | House |
| 0:06 | Crear | Villager (Male) |
| 0:06 | Crear | Villager (Male) |
| 0:07 | Crear | Villager (Male) |
| 0:07 | Crear | Villager (Male) |
| 1:34 | Crear | Villager (Male) |
| 1:34 | Crear | Villager (Male) |
| 1:58 | Crear | Villager (Male) |
| 2:25 | Crear | Villager (Male) |
| 2:25 | Crear | Villager (Male) |
| 2:49 | Construir | Mill |
| 2:57 | Crear | Villager (Male) |
| 2:57 | Crear | Villager (Male) |
| 2:57 | Crear | Villager (Male) |
| 2:58 | Crear | Villager (Male) |
| 3:58 | Crear | Villager (Male) |
| 3:58 | Crear | Villager (Male) |
| 3:58 | Crear | Villager (Male) |
| 4:04 | Construir | House |
| 4:54 | Crear | Villager (Male) |
| 4:54 | Crear | Villager (Male) |
| 5:26 | Crear | Villager (Male) |
| 5:34 | Construir | Lumber Camp |
| 6:16 | Construir | House |
| 6:23 | Crear | Villager (Male) |
| 6:23 | Crear | Villager (Male) |
| 6:23 | Crear | Villager (Male) |
| 6:24 | Crear | Villager (Male) |
| 7:39 | Crear | Villager (Male) |
| 8:10 | Construir | House |
| 8:20 | Investigar | Feudal Age |
| 10:45 | Crear | Villager (Male) |
| 10:45 | Crear | Villager (Male) |
| 11:07 | Construir | Market |
| 11:12 | Construir | Blacksmith |
| 11:28 | Construir | Mining Camp |
| 11:49 | Investigar | Castle Age |
| 11:59 | Investigar | Double-Bit Axe |
| 12:02 | Investigar | Horse Collar |
| 13:27 | Investigar | Stone Mining |
| 13:53 | Construir | Farm |
| 13:54 | Construir | Farm |
| 14:19 | Construir | House |
| 14:37 | Construir | Town Center |
| 14:50 | Construir | Town Center |
| 14:52 | Crear | Villager (Male) |
| 14:53 | Crear | Villager (Male) |
| 14:54 | Crear | Villager (Male) |
| 15:39 | Construir | House |
| 15:41 | Construir | House |
| 16:01 | Crear | Villager (Male) |
| 16:01 | Crear | Villager (Male) |
| 16:18 | Construir | Mining Camp |
| 16:30 | Crear | Villager (Male) |
| 16:36 | Construir | Farm |
| 16:36 | Construir | Farm |
| 16:37 | Construir | Farm |
| 16:38 | Construir | Farm |
| 16:50 | Construir | House |
| 16:53 | Construir | House |
| 16:59 | Crear | Villager (Male) |
| 17:19 | Crear | Villager (Male) |
| 17:26 | Construir | Farm |
| 17:27 | Construir | Farm |
| 17:27 | Construir | Farm |
| 17:36 | Construir | Castle |
| 17:57 | Construir | Castle |
| 18:03 | Crear | Villager (Male) |
| 18:03 | Crear | Villager (Male) |
| 18:03 | Crear | Villager (Male) |
| 18:03 | Crear | Villager (Male) |
| 18:03 | Crear | Villager (Male) |
| 18:03 | Crear | Villager (Male) |
| 18:16 | Construir | Farm |
| 18:16 | Construir | Farm |
| 18:26 | Crear | Villager (Male) |
| 18:28 | Crear | Villager (Male) |
| 18:32 | Construir | Farm |
| 18:44 | Construir | Farm |
| 18:44 | Construir | Farm |
| 18:52 | Crear | Villager (Male) |
| 18:52 | Crear | Villager (Male) |
| 18:52 | Crear | Villager (Male) |
| 18:52 | Crear | Villager (Male) |
| 18:52 | Crear | Villager (Male) |
| 18:52 | Crear | Villager (Male) |
| 19:09 | Crear | Villager (Male) |
| 19:09 | Crear | Villager (Male) |
| 19:09 | Crear | Villager (Male) |
| 19:13 | Crear | Villager (Male) |
| 19:13 | Crear | Villager (Male) |
| 19:13 | Crear | Villager (Male) |
| 19:32 | Construir | Monastery |
| 19:34 | Crear | Villager (Male) |
| 19:34 | Crear | Villager (Male) |
| 19:34 | Crear | Villager (Male) |
| 19:44 | Crear | Villager (Male) |
| 20:08 | Crear | Villager (Male) |
| 20:08 | Crear | Villager (Male) |
| 20:08 | Crear | Villager (Male) |
| 20:08 | Crear | Villager (Male) |
| 20:08 | Crear | Villager (Male) |
| 20:08 | Crear | Villager (Male) |
| 20:14 | Construir | Farm |
| 20:15 | Construir | Farm |
| 20:15 | Construir | Farm |
| 20:15 | Construir | Farm |
| 20:24 | Crear | Villager (Male) |
| 20:30 | Crear | Mangudai |
| 20:30 | Crear | Mangudai |
| 20:30 | Crear | Mangudai |
| 20:48 | Crear | Villager (Male) |
| 20:48 | Crear | Villager (Male) |
| 20:48 | Crear | Villager (Male) |
| 20:48 | Crear | Villager (Male) |
| 20:48 | Crear | Villager (Male) |
| 20:48 | Crear | Villager (Male) |
| 21:01 | Construir | Farm |
| 21:02 | Construir | Farm |
| 21:02 | Construir | Farm |
| 21:02 | Construir | Farm |
| 21:03 | Construir | Farm |
| 21:33 | Construir | Farm |
| 21:35 | Construir | Farm |
| 21:37 | Crear | Villager (Male) |
| 21:37 | Crear | Villager (Male) |
| 21:37 | Crear | Villager (Male) |
| 21:37 | Crear | Villager (Male) |
| 21:37 | Crear | Villager (Male) |
| 21:37 | Crear | Villager (Male) |
| 21:37 | Crear | Villager (Male) |
| 21:37 | Crear | Villager (Male) |
| 21:37 | Crear | Villager (Male) |
| 21:43 | Crear | Monk |
| 21:45 | Crear | Mangudai |
| 21:45 | Crear | Mangudai |
| 21:45 | Crear | Mangudai |
| 21:45 | Crear | Mangudai |
| 21:52 | Construir | Farm |
| 21:53 | Construir | Farm |
| 21:53 | Construir | Farm |
| 21:55 | Construir | Farm |
| 21:56 | Construir | Farm |
| 22:04 | Crear | Villager (Male) |
| 22:06 | Crear | Villager (Male) |
| 22:08 | Crear | Villager (Male) |
| 22:08 | Crear | Villager (Male) |
| 22:13 | Construir | Farm |
| 22:34 | Crear | Villager (Male) |
Build order — La Pieza Geek
Primeras 150 de 440 acciones detectadas
| 0:00 | Crear | Villager (Male) |
| 0:01 | Crear | Villager (Male) |
| 0:01 | Crear | Villager (Male) |
| 0:01 | Crear | Villager (Male) |
| 0:02 | Crear | Villager (Male) |
| 0:04 | Construir | House |
| 0:08 | Construir | House |
| 1:37 | Crear | Villager (Male) |
| 1:37 | Crear | Villager (Male) |
| 1:45 | Construir | Lumber Camp |
| 2:05 | Crear | Villager (Male) |
| 2:28 | Crear | Villager (Male) |
| 2:46 | Crear | Villager (Male) |
| 3:06 | Investigar | Loom |
| 3:06 | Investigar | Loom |
| 3:31 | Construir | House |
| 3:36 | Construir | House |
| 3:42 | Crear | Villager (Male) |
| 4:12 | Crear | Villager (Male) |
| 4:27 | Crear | Villager (Male) |
| 5:00 | Crear | Villager (Male) |
| 5:09 | Crear | Villager (Male) |
| 5:34 | Crear | Villager (Male) |
| 6:10 | Crear | Villager (Male) |
| 6:21 | Construir | Mill |
| 7:17 | Crear | Villager (Male) |
| 7:17 | Crear | Villager (Male) |
| 7:34 | Crear | Villager (Male) |
| 8:14 | Construir | Mining Camp |
| 8:22 | Crear | Villager (Male) |
| 8:38 | Construir | House |
| 8:56 | Crear | Villager (Male) |
| 9:26 | Construir | House |
| 9:48 | Investigar | Feudal Age |
| 9:58 | Construir | House |
| 10:00 | Construir | House |
| 10:03 | Crear | Villager (Male) |
| 10:31 | Construir | Mining Camp |
| 10:56 | Construir | House |
| 11:20 | Construir | Mill |
| 11:35 | Construir | House |
| 11:38 | Construir | House |
| 11:58 | Edad | Edad Feudal |
| 12:02 | Crear | Villager (Male) |
| 12:04 | Investigar | Double-Bit Axe |
| 12:16 | Crear | Villager (Male) |
| 12:29 | Construir | Lumber Camp |
| 12:39 | Construir | Blacksmith |
| 13:06 | Crear | Villager (Male) |
| 13:09 | Construir | Farm |
| 13:10 | Construir | Farm |
| 13:17 | Crear | Villager (Male) |
| 13:31 | Construir | House |
| 13:33 | Crear | Villager (Male) |
| 14:04 | Construir | Market |
| 14:15 | Crear | Villager (Male) |
| 14:46 | Construir | Farm |
| 14:46 | Construir | Farm |
| 14:47 | Construir | Farm |
| 14:48 | Construir | Farm |
| 14:51 | Crear | Villager (Male) |
| 14:56 | Construir | Farm |
| 14:56 | Construir | Farm |
| 15:06 | Crear | Villager (Male) |
| 15:14 | Construir | Farm |
| 15:27 | Investigar | Castle Age |
| 15:27 | Investigar | Castle Age |
| 15:47 | Crear | Villager (Male) |
| 16:44 | Investigar | Forging |
| 17:10 | Construir | Farm |
| 17:11 | Construir | Farm |
| 17:11 | Construir | Farm |
| 17:33 | Construir | Farm |
| 17:36 | Construir | Farm |
| 18:05 | Investigar | Gold Mining |
| 18:23 | Edad | Edad de los Castillos |
| 18:29 | Crear | Villager (Male) |
| 18:46 | Crear | Villager (Male) |
| 19:25 | Crear | Villager (Male) |
| 19:43 | Crear | Villager (Male) |
| 19:44 | Crear | Villager (Male) |
| 19:56 | Investigar | Bow Saw |
| 20:08 | Investigar | Fletching |
| 20:19 | Construir | Castle |
| 20:36 | Crear | Villager (Male) |
| 20:57 | Construir | Town Center |
| 20:59 | Crear | Villager (Male) |
| 20:59 | Crear | Villager (Male) |
| 21:21 | Construir | Barracks |
| 21:34 | Crear | Villager (Male) |
| 21:38 | Investigar | Scale Barding Armor |
| 21:39 | Investigar | Bodkin Arrow |
| 21:47 | Construir | Mining Camp |
| 22:13 | Crear | Spearman |
| 22:14 | Crear | Spearman |
| 22:27 | Construir | Farm |
| 22:28 | Construir | Farm |
| 22:28 | Construir | Farm |
| 22:28 | Construir | Farm |
| 22:29 | Construir | Farm |
| 22:29 | Construir | Farm |
| 22:32 | Crear | Villager (Male) |
| 22:34 | Crear | Villager (Male) |
| 22:35 | Crear | Villager (Male) |
| 22:45 | Crear | Villager (Male) |
| 22:46 | Crear | Villager (Male) |
| 23:00 | Construir | Stable |
| 23:09 | Crear | Spearman |
| 23:10 | Crear | Spearman |
| 23:10 | Crear | Spearman |
| 23:19 | Crear | Villager (Male) |
| 23:19 | Crear | Villager (Male) |
| 23:24 | Construir | Farm |
| 23:25 | Construir | Farm |
| 23:33 | Crear | Villager (Male) |
| 23:34 | Crear | Villager (Male) |
| 23:56 | Crear | Villager (Male) |
| 23:56 | Crear | Villager (Male) |
| 23:56 | Crear | Villager (Male) |
| 24:00 | Construir | Farm |
| 24:01 | Construir | Farm |
| 24:19 | Construir | Siege Workshop |
| 24:52 | Investigar | Husbandry |
| 24:53 | Crear | Knight |
| 24:53 | Crear | Knight |
| 24:53 | Crear | Knight |
| 25:07 | Construir | Farm |
| 25:07 | Construir | Farm |
| 25:07 | Construir | Farm |
| 25:07 | Construir | Farm |
| 25:08 | Construir | Farm |
| 25:10 | Crear | Villager (Male) |
| 25:10 | Crear | Villager (Male) |
| 25:11 | Crear | Villager (Male) |
| 25:11 | Crear | Villager (Male) |
| 25:43 | Crear | Knight |
| 25:43 | Crear | Knight |
| 25:43 | Crear | Knight |
| 25:43 | Crear | Knight |
| 25:58 | Crear | Villager (Male) |
| 26:04 | Construir | Farm |
| 26:04 | Construir | Farm |
| 26:05 | Construir | Farm |
| 26:06 | Construir | Farm |
| 26:09 | Crear | Villager (Male) |
| 26:09 | Crear | Villager (Male) |
| 26:10 | Crear | Villager (Male) |
| 26:10 | Crear | Villager (Male) |
| 26:13 | Crear | Villager (Male) |
| 26:13 | Crear | Villager (Male) |
Build order — helpsu
Primeras 150 de 303 acciones detectadas
| 0:03 | Construir | House |
| 0:03 | Construir | House |
| 0:04 | Construir | House |
| 0:04 | Construir | House |
| 0:04 | Construir | House |
| 0:07 | Crear | Villager (Male) ×4 |
| 0:54 | Construir | Lumber Camp |
| 1:29 | Crear | Villager (Male) |
| 1:51 | Crear | Villager (Male) |
| 2:19 | Crear | Villager (Male) |
| 2:44 | Crear | Villager (Male) |
| 2:45 | Crear | Villager (Male) |
| 2:56 | Crear | Villager (Male) |
| 3:50 | Crear | Villager (Male) ×2 |
| 3:51 | Crear | Villager (Male) ×2 |
| 3:51 | Crear | Villager (Male) |
| 4:34 | Crear | Villager (Male) ×2 |
| 5:00 | Crear | Villager (Male) |
| 5:47 | Crear | Villager (Male) ×5 |
| 6:05 | Construir | Mill |
| 6:40 | Construir | House |
| 7:01 | Construir | Mill |
| 7:24 | Investigar | Feudal Age |
| 7:25 | Investigar | Loom |
| 8:27 | Construir | Mill |
| 8:44 | Crear | Villager (Male) ×5 |
| 8:44 | Crear | Villager (Male) ×3 |
| 9:11 | Construir | House |
| 9:39 | Crear | Villager (Male) ×5 |
| 10:00 | Construir | Market |
| 11:18 | Construir | Blacksmith |
| 11:23 | Construir | House |
| 11:46 | Crear | Villager (Male) |
| 11:47 | Crear | Villager (Male) |
| 12:14 | Construir | Mining Camp |
| 12:47 | Crear | Villager (Male) |
| 12:57 | Construir | Mining Camp |
| 13:19 | Investigar | Castle Age |
| 13:50 | Construir | Gate |
| 13:59 | Investigar | Stone Mining |
| 14:01 | Crear | Villager (Male) |
| 14:01 | Crear | Villager (Male) |
| 14:13 | Construir | Farm |
| 14:13 | Construir | Farm |
| 14:13 | Construir | Farm |
| 14:42 | Crear | Villager (Male) ×3 |
| 14:51 | Construir | Farm |
| 15:02 | Investigar | Double-Bit Axe |
| 15:04 | Crear | Villager (Male) |
| 16:10 | Crear | Villager (Male) |
| 16:10 | Crear | Villager (Male) |
| 16:23 | Construir | Town Center |
| 16:28 | Investigar | Bow Saw |
| 16:30 | Crear | Villager (Male) |
| 17:18 | Construir | Farm |
| 17:19 | Construir | Farm |
| 17:24 | Crear | Villager (Male) ×4 |
| 17:58 | Construir | Mining Camp |
| 18:04 | Crear | Villager (Male) ×2 |
| 18:25 | Construir | House |
| 18:49 | Construir | Barracks |
| 18:59 | Crear | Villager (Male) ×3 |
| 19:21 | Construir | Castle |
| 19:29 | Crear | Villager (Male) |
| 19:40 | Construir | Town Center |
| 19:43 | Construir | Farm |
| 19:44 | Construir | Farm |
| 19:44 | Construir | Farm |
| 19:44 | Construir | Farm |
| 19:44 | Construir | Farm |
| 19:45 | Construir | Farm |
| 19:45 | Construir | Farm |
| 19:45 | Construir | Farm |
| 19:45 | Construir | Farm |
| 19:52 | Crear | Villager (Male) ×2 |
| 19:52 | Crear | Villager (Male) ×2 |
| 20:15 | Construir | Mining Camp |
| 20:47 | Construir | Mining Camp |
| 20:52 | Crear | Longbowman ×3 |
| 20:52 | Crear | Longbowman ×3 |
| 20:58 | Crear | Villager (Male) ×5 |
| 20:58 | Crear | Villager (Male) ×2 |
| 21:13 | Construir | Mill |
| 21:26 | Investigar | Fletching |
| 21:42 | Construir | Farm |
| 21:42 | Construir | Farm |
| 21:53 | Crear | Villager (Male) ×2 |
| 21:59 | Construir | Farm |
| 21:59 | Construir | Farm |
| 22:07 | Crear | Longbowman ×2 |
| 22:07 | Crear | Longbowman ×2 |
| 22:21 | Construir | House |
| 22:26 | Construir | House |
| 22:58 | Investigar | Gold Mining |
| 23:05 | Investigar | Padded Archer Armor |
| 23:23 | Construir | Farm |
| 23:34 | Construir | Siege Workshop |
| 23:44 | Investigar | Pikeman (upgrade) |
| 23:48 | Investigar | Squires |
| 23:53 | Crear | Longbowman ×3 |
| 24:01 | Construir | Castle |
| 24:27 | Investigar | Bodkin Arrow |
| 24:31 | Crear | Longbowman ×2 |
| 24:36 | Crear | Spearman ×2 |
| 24:36 | Crear | Spearman ×2 |
| 25:17 | Investigar | Leather Archer Armor |
| 25:24 | Crear | Spearman ×3 |
| 25:46 | Crear | Longbowman ×2 |
| 25:55 | Crear | Spearman ×5 |
| 25:56 | Crear | Spearman |
| 25:56 | Crear | Spearman |
| 26:13 | Crear | Villager (Male) ×2 |
| 26:16 | Crear | Longbowman ×3 |
| 27:41 | Construir | Gate |
| 27:45 | Construir | House |
| 27:58 | Crear | Longbowman ×5 |
| 27:58 | Crear | Longbowman ×5 |
| 27:58 | Crear | Longbowman ×2 |
| 28:08 | Construir | Castle |
| 28:21 | Crear | Villager (Male) ×5 |
| 28:22 | Crear | Villager (Male) ×5 |
| 28:22 | Crear | Villager (Male) ×5 |
| 28:29 | Construir | Farm |
| 28:29 | Construir | Farm |
| 29:24 | Construir | Farm |
| 29:24 | Construir | Farm |
| 29:24 | Construir | Farm |
| 29:25 | Construir | Farm |
| 29:25 | Construir | Farm |
| 29:25 | Construir | Farm |
| 29:25 | Construir | Farm |
| 29:25 | Construir | Farm |
| 29:29 | Investigar | Horse Collar |
| 29:37 | Crear | Spearman ×5 |
| 29:38 | Crear | Spearman ×5 |
| 29:38 | Crear | Spearman ×5 |
| 29:44 | Crear | Longbowman ×5 |
| 30:28 | Construir | Farm |
| 30:35 | Construir | Farm |
| 30:38 | Investigar | Heavy Plow |
| 30:43 | Crear | Longbowman ×3 |
| 30:51 | Investigar | Scale Mail Armor |
| 31:05 | Construir | Siege Workshop |
| 31:37 | Crear | Villager (Male) |
| 31:38 | Crear | Villager (Male) |
| 31:38 | Crear | Villager (Male) |
| 31:41 | Crear | Mangonel |
| 31:49 | Crear | Longbowman ×3 |
| 31:49 | Crear | Longbowman ×3 |
| 31:54 | Crear | Spearman ×3 |
Build order — jaiderreyes4
Primeras 150 de 434 acciones detectadas
| 0:01 | Crear | Villager (Male) |
| 0:02 | Crear | Villager (Male) |
| 0:02 | Crear | Villager (Male) |
| 0:03 | Construir | House |
| 0:04 | Construir | House |
| 0:09 | Crear | Villager (Male) |
| 0:17 | Crear | Villager (Male) |
| 0:17 | Crear | Villager (Male) |
| 1:14 | Crear | Villager (Male) |
| 1:56 | Crear | Villager (Male) |
| 2:20 | Crear | Villager (Male) |
| 2:21 | Crear | Villager (Male) |
| 2:27 | Construir | Lumber Camp |
| 3:00 | Crear | Villager (Male) |
| 3:00 | Crear | Villager (Male) |
| 3:01 | Crear | Villager (Male) |
| 3:18 | Crear | Villager (Male) |
| 3:40 | Construir | House |
| 3:46 | Crear | Villager (Male) |
| 3:46 | Crear | Villager (Male) |
| 3:47 | Crear | Villager (Male) |
| 4:52 | Crear | Villager (Male) |
| 4:52 | Crear | Villager (Male) |
| 4:52 | Crear | Villager (Male) |
| 5:18 | Crear | Villager (Male) |
| 5:37 | Crear | Villager (Male) |
| 5:39 | Construir | House |
| 5:56 | Crear | Villager (Male) |
| 6:10 | Crear | Villager (Male) |
| 6:57 | Construir | Mill |
| 7:25 | Construir | Mill |
| 7:52 | Crear | Villager (Male) |
| 8:19 | Investigar | Feudal Age |
| 8:28 | Construir | Mining Camp |
| 10:19 | Crear | Villager (Male) |
| 10:25 | Edad | Edad Feudal |
| 10:28 | Construir | Market |
| 10:30 | Investigar | Loom |
| 10:50 | Construir | House |
| 11:33 | Construir | Blacksmith |
| 11:34 | Crear | Villager (Male) |
| 11:34 | Crear | Villager (Male) |
| 12:06 | Investigar | Castle Age |
| 12:20 | Construir | House |
| 12:21 | Construir | House |
| 12:39 | Construir | Farm |
| 12:41 | Construir | Farm |
| 12:58 | Construir | Farm |
| 13:00 | Investigar | Double-Bit Axe |
| 13:12 | Construir | Farm |
| 13:21 | Investigar | Horse Collar |
| 13:21 | Investigar | Horse Collar |
| 13:42 | Construir | Farm |
| 13:46 | Construir | Farm |
| 13:54 | Construir | Farm |
| 14:21 | Crear | Villager (Male) |
| 14:22 | Crear | Villager (Male) |
| 14:45 | Edad | Edad de los Castillos |
| 14:47 | Construir | Town Center |
| 14:55 | Crear | Villager (Male) |
| 15:13 | Crear | Villager (Male) |
| 15:27 | Crear | Villager (Male) |
| 15:27 | Crear | Villager (Male) |
| 15:27 | Crear | Villager (Male) |
| 15:31 | Crear | Villager (Male) |
| 15:33 | Investigar | Bow Saw |
| 16:14 | Construir | Town Center |
| 16:17 | Crear | Villager (Male) |
| 16:24 | Investigar | Heavy Plow |
| 16:28 | Crear | Villager (Male) |
| 16:36 | Construir | Farm |
| 16:57 | Crear | Villager (Male) |
| 16:58 | Crear | Villager (Male) |
| 17:01 | Construir | Farm |
| 17:05 | Construir | Farm |
| 17:07 | Construir | Farm |
| 17:13 | Construir | Farm |
| 17:16 | Construir | Farm |
| 17:19 | Crear | Villager (Male) |
| 17:21 | Investigar | Loom |
| 17:29 | Construir | Farm |
| 17:33 | Crear | Villager (Male) |
| 17:47 | Crear | Villager (Male) |
| 17:47 | Crear | Villager (Male) |
| 17:53 | Construir | Farm |
| 17:53 | Construir | Farm |
| 17:53 | Construir | Farm |
| 17:53 | Construir | Farm |
| 17:53 | Construir | Farm |
| 17:54 | Construir | Farm |
| 18:02 | Crear | Villager (Male) |
| 18:04 | Crear | Villager (Male) |
| 18:14 | Construir | Farm |
| 18:19 | Construir | Farm |
| 18:24 | Crear | Villager (Male) |
| 18:24 | Crear | Villager (Male) |
| 18:24 | Crear | Villager (Male) |
| 18:28 | Construir | Farm |
| 18:34 | Crear | Villager (Male) |
| 18:34 | Crear | Villager (Male) |
| 18:37 | Construir | Farm |
| 18:44 | Crear | Villager (Male) |
| 18:48 | Crear | Villager (Male) |
| 18:50 | Crear | Villager (Male) |
| 18:58 | Construir | House |
| 18:58 | Construir | House |
| 18:59 | Construir | House |
| 18:59 | Construir | House |
| 19:04 | Crear | Villager (Male) |
| 19:04 | Crear | Villager (Male) |
| 19:04 | Crear | Villager (Male) |
| 19:15 | Construir | Town Center |
| 19:16 | Crear | Villager (Male) |
| 19:17 | Crear | Villager (Male) |
| 19:17 | Crear | Villager (Male) |
| 19:31 | Crear | Villager (Male) |
| 19:31 | Crear | Villager (Male) |
| 19:32 | Crear | Villager (Male) |
| 19:36 | Construir | Farm |
| 19:45 | Construir | House |
| 19:47 | Construir | House |
| 19:47 | Construir | House |
| 19:53 | Construir | Monastery |
| 19:55 | Crear | Villager (Male) |
| 19:56 | Crear | Villager (Male) |
| 20:08 | Crear | Villager (Male) |
| 20:08 | Crear | Villager (Male) |
| 20:09 | Crear | Villager (Male) |
| 20:09 | Crear | Villager (Male) |
| 20:09 | Crear | Villager (Male) |
| 20:09 | Crear | Villager (Male) |
| 20:22 | Crear | Villager (Male) |
| 20:22 | Crear | Villager (Male) |
| 20:29 | Crear | Villager (Male) |
| 20:30 | Crear | Villager (Male) |
| 20:44 | Construir | Farm |
| 20:47 | Construir | Farm |
| 20:51 | Construir | Farm |
| 20:52 | Construir | Farm |
| 20:53 | Crear | Villager (Male) |
| 20:53 | Crear | Villager (Male) |
| 20:53 | Crear | Villager (Male) |
| 20:53 | Crear | Villager (Male) |
| 21:00 | Construir | Farm |
| 21:09 | Construir | Farm |
| 21:13 | Construir | Farm |
| 21:17 | Construir | Farm |
| 21:20 | Construir | Farm |
| 21:20 | Crear | Villager (Male) |
| 21:21 | Crear | Villager (Male) |
Build order — iTzLiMa
Primeras 150 de 311 acciones detectadas
| 0:06 | Construir | House |
| 0:11 | Crear | Villager (Male) |
| 0:11 | Crear | Villager (Male) |
| 0:12 | Crear | Villager (Male) |
| 0:12 | Crear | Villager (Male) |
| 0:15 | Construir | House |
| 1:28 | Crear | Villager (Male) |
| 2:00 | Construir | Lumber Camp |
| 2:02 | Crear | Villager (Male) |
| 2:26 | Crear | Villager (Male) |
| 2:57 | Crear | Villager (Male) |
| 3:22 | Crear | Villager (Male) |
| 3:45 | Crear | Villager (Male) |
| 3:59 | Crear | Villager (Male) |
| 4:05 | Construir | Mill |
| 4:35 | Construir | House |
| 4:56 | Crear | Villager (Male) |
| 5:17 | Crear | Villager (Male) |
| 5:43 | Crear | Villager (Male) |
| 5:51 | Construir | House |
| 6:18 | Crear | Villager (Male) |
| 6:18 | Crear | Villager (Male) |
| 6:36 | Crear | Villager (Male) |
| 6:36 | Crear | Villager (Male) |
| 6:36 | Crear | Villager (Male) |
| 6:56 | Construir | Mill |
| 7:19 | Crear | Villager (Male) |
| 7:20 | Crear | Villager (Male) |
| 7:20 | Crear | Villager (Male) |
| 7:20 | Crear | Villager (Male) |
| 7:27 | Construir | House |
| 7:36 | Construir | House |
| 7:42 | Crear | Villager (Male) |
| 8:09 | Construir | House |
| 8:11 | Construir | House |
| 8:17 | Crear | Villager (Male) |
| 9:15 | Construir | Mining Camp |
| 9:30 | Investigar | Feudal Age |
| 12:19 | Construir | Market |
| 12:22 | Construir | Blacksmith |
| 12:30 | Crear | Villager (Male) |
| 12:45 | Investigar | Double-Bit Axe |
| 13:10 | Investigar | Castle Age |
| 13:45 | Construir | House |
| 13:49 | Construir | House |
| 13:52 | Construir | House |
| 14:34 | Investigar | Fletching |
| 14:39 | Investigar | Gold Mining |
| 14:45 | Investigar | Horse Collar |
| 14:51 | Crear | Villager (Male) |
| 14:51 | Crear | Villager (Male) |
| 14:51 | Crear | Villager (Male) |
| 15:55 | Construir | Town Center |
| 16:00 | Construir | Farm |
| 16:01 | Construir | Farm |
| 16:02 | Construir | Farm |
| 16:03 | Construir | Farm |
| 16:03 | Construir | Farm |
| 16:20 | Construir | Farm |
| 16:23 | Crear | Villager (Male) |
| 16:39 | Crear | Villager (Male) |
| 16:40 | Crear | Villager (Male) |
| 16:48 | Construir | Farm |
| 17:21 | Construir | Farm |
| 17:23 | Crear | Villager (Male) |
| 17:27 | Construir | Farm |
| 17:43 | Construir | Farm |
| 17:47 | Crear | Villager (Male) |
| 18:06 | Construir | Farm |
| 18:09 | Crear | Villager (Male) ×2 |
| 18:18 | Crear | Villager (Male) ×4 |
| 18:24 | Construir | Farm |
| 18:39 | Construir | House |
| 18:40 | Construir | House |
| 18:41 | Construir | House |
| 18:43 | Construir | House |
| 18:49 | Construir | Farm |
| 18:52 | Crear | Villager (Male) ×2 |
| 18:58 | Construir | Farm |
| 19:03 | Crear | Villager (Male) |
| 19:12 | Construir | Farm |
| 19:18 | Construir | Farm |
| 19:19 | Construir | Farm |
| 19:32 | Construir | Town Center |
| 19:36 | Crear | Villager (Male) ×3 |
| 20:06 | Construir | Farm |
| 20:36 | Crear | Villager (Male) ×5 |
| 20:53 | Crear | Villager (Male) ×4 |
| 21:28 | Construir | Town Center |
| 21:37 | Crear | Villager (Male) ×5 |
| 22:02 | Crear | Villager (Male) ×3 |
| 22:23 | Crear | Villager (Male) ×3 |
| 22:37 | Construir | Farm |
| 22:38 | Construir | Farm |
| 22:38 | Construir | Farm |
| 22:39 | Construir | Farm |
| 22:39 | Construir | Farm |
| 22:40 | Construir | Farm |
| 22:41 | Construir | Farm |
| 22:42 | Construir | Farm |
| 22:46 | Construir | Farm |
| 22:51 | Crear | Villager (Male) ×3 |
| 23:11 | Crear | Villager (Male) ×2 |
| 23:25 | Construir | Farm |
| 23:32 | Crear | Villager (Male) ×4 |
| 23:50 | Construir | Farm |
| 23:55 | Construir | Lumber Camp |
| 24:00 | Investigar | Bow Saw |
| 24:13 | Crear | Villager (Male) ×3 |
| 24:21 | Construir | Barracks |
| 24:36 | Crear | Villager (Male) ×5 |
| 25:18 | Construir | Stable |
| 25:19 | Construir | Stable |
| 25:20 | Construir | Stable |
| 25:21 | Construir | Stable |
| 25:27 | Construir | Castle |
| 25:34 | Construir | Farm |
| 25:39 | Investigar | Bodkin Arrow |
| 26:15 | Crear | Camel Archer |
| 26:15 | Crear | Camel Archer |
| 26:16 | Crear | Camel Archer |
| 26:16 | Crear | Camel Archer |
| 26:17 | Crear | Camel Archer |
| 26:22 | Crear | Camel Scout |
| 26:23 | Crear | Camel Scout |
| 26:27 | Crear | Camel Scout |
| 26:28 | Crear | Camel Scout |
| 26:32 | Crear | Camel Scout |
| 26:32 | Crear | Camel Scout |
| 26:36 | Crear | Villager (Male) ×5 |
| 26:59 | Construir | House |
| 27:01 | Construir | House |
| 27:02 | Construir | House |
| 27:03 | Construir | House |
| 27:04 | Construir | House |
| 27:33 | Crear | Camel Archer |
| 27:34 | Crear | Camel Archer |
| 27:43 | Investigar | Gold Shaft Mining |
| 27:51 | Investigar | Wheelbarrow |
| 28:05 | Construir | University |
| 28:26 | Investigar | Padded Archer Armor |
| 28:32 | Crear | Villager (Male) ×5 |
| 28:33 | Crear | Villager (Male) ×5 |
| 28:42 | Construir | Mining Camp |
| 28:45 | Investigar | Ballistics |
| 29:18 | Construir | Castle |
| 29:27 | Investigar | Stone Mining |
| 29:32 | Crear | Villager (Male) ×5 |
| 29:40 | Investigar | Imperial Age |
| 29:43 | Crear | Villager (Male) ×5 |
Build order — Clifordino
Primeras 150 de 377 acciones detectadas
| 0:01 | Crear | Villager (Male) ×4 |
| 0:01 | Crear | Villager (Male) ×4 |
| 0:03 | Construir | House |
| 0:04 | Construir | House |
| 1:28 | Crear | Villager (Male) |
| 1:29 | Crear | Villager (Male) |
| 1:55 | Crear | Villager (Male) |
| 2:33 | Crear | Villager (Male) |
| 2:33 | Crear | Villager (Male) |
| 2:56 | Crear | Villager (Male) |
| 2:57 | Crear | Villager (Male) |
| 3:06 | Construir | Lumber Camp |
| 3:12 | Crear | Villager (Male) |
| 3:13 | Crear | Villager (Male) |
| 3:41 | Crear | Villager (Male) |
| 3:41 | Crear | Villager (Male) |
| 3:54 | Construir | House |
| 3:56 | Construir | House |
| 3:59 | Construir | House |
| 4:01 | Construir | House |
| 4:10 | Crear | Villager (Male) |
| 4:10 | Crear | Villager (Male) |
| 4:27 | Crear | Villager (Male) |
| 4:43 | Crear | Villager (Male) |
| 4:43 | Crear | Villager (Male) |
| 4:43 | Crear | Villager (Male) |
| 5:03 | Crear | Villager (Male) |
| 5:03 | Crear | Villager (Male) |
| 5:10 | Construir | Mill |
| 5:40 | Crear | Villager (Male) |
| 5:40 | Crear | Villager (Male) |
| 5:41 | Crear | Villager (Male) |
| 6:17 | Crear | Villager (Male) |
| 6:17 | Crear | Villager (Male) |
| 7:45 | Crear | Villager (Male) |
| 7:56 | Crear | Villager (Male) |
| 7:57 | Crear | Villager (Male) |
| 8:40 | Construir | Mill |
| 9:00 | Investigar | Feudal Age |
| 10:30 | Crear | Villager (Male) |
| 11:10 | Edad | Edad Feudal |
| 11:16 | Construir | Blacksmith |
| 11:19 | Construir | Market |
| 11:36 | Crear | Villager (Male) |
| 12:48 | Investigar | Castle Age |
| 13:25 | Construir | Mining Camp |
| 13:46 | Investigar | Double-Bit Axe |
| 13:49 | Investigar | Tech 1014 |
| 13:58 | Investigar | Stone Mining |
| 13:59 | Investigar | Stone Mining |
| 15:07 | Investigar | Loom |
| 15:09 | Crear | Villager (Male) |
| 15:11 | Crear | Villager (Male) |
| 15:28 | Edad | Edad de los Castillos |
| 15:42 | Construir | Town Center |
| 16:24 | Crear | Villager (Male) |
| 16:36 | Construir | Pasture |
| 16:43 | Construir | Pasture |
| 17:04 | Crear | Villager (Male) |
| 17:18 | Crear | Villager (Male) |
| 17:18 | Crear | Villager (Male) |
| 17:18 | Crear | Villager (Male) |
| 17:30 | Construir | Pasture |
| 17:40 | Crear | Villager (Male) |
| 17:57 | Construir | Castle |
| 18:03 | Construir | Mining Camp |
| 18:06 | Crear | Villager (Male) |
| 18:06 | Crear | Villager (Male) |
| 18:37 | Crear | Villager (Male) |
| 18:38 | Crear | Villager (Male) |
| 18:38 | Crear | Villager (Male) |
| 18:52 | Construir | House |
| 18:53 | Construir | House |
| 18:55 | Construir | House |
| 18:57 | Construir | House |
| 18:59 | Construir | House |
| 19:03 | Construir | House |
| 19:24 | Crear | Villager (Male) |
| 19:25 | Crear | Villager (Male) |
| 19:25 | Crear | Villager (Male) |
| 19:41 | Crear | Villager (Male) |
| 19:42 | Crear | Villager (Male) |
| 19:56 | Construir | Pasture |
| 20:02 | Crear | Villager (Male) |
| 20:03 | Crear | Villager (Male) |
| 20:18 | Construir | Pasture |
| 20:22 | Construir | House |
| 20:24 | Construir | House |
| 20:25 | Construir | House |
| 20:34 | Crear | Villager (Male) |
| 20:34 | Crear | Villager (Male) |
| 20:54 | Crear | Villager (Male) |
| 20:54 | Crear | Villager (Male) |
| 20:55 | Crear | Villager (Male) |
| 21:03 | Construir | Pasture |
| 21:09 | Crear | Villager (Male) |
| 21:10 | Crear | Villager (Male) |
| 21:30 | Construir | Pasture |
| 21:35 | Crear | Villager (Male) |
| 21:35 | Crear | Villager (Male) |
| 21:35 | Crear | Villager (Male) |
| 21:46 | Crear | Unit 1920 |
| 21:59 | Crear | Villager (Male) |
| 21:59 | Crear | Villager (Male) |
| 22:06 | Construir | Pasture |
| 22:13 | Construir | Pasture |
| 22:22 | Crear | Villager (Male) |
| 22:22 | Crear | Villager (Male) |
| 22:22 | Crear | Villager (Male) |
| 22:34 | Crear | Unit 1920 |
| 22:36 | Crear | Villager (Male) |
| 22:41 | Crear | Unit 1920 |
| 22:50 | Crear | Villager (Male) |
| 22:51 | Crear | Villager (Male) |
| 22:59 | Construir | Pasture |
| 23:02 | Crear | Villager (Male) |
| 23:02 | Crear | Villager (Male) |
| 23:05 | Crear | Unit 1920 |
| 23:12 | Crear | Villager (Male) |
| 23:18 | Crear | Unit 1920 |
| 23:19 | Crear | Unit 1920 |
| 23:28 | Construir | Pasture |
| 23:30 | Crear | Villager (Male) |
| 23:30 | Crear | Villager (Male) |
| 23:32 | Crear | Unit 1920 |
| 23:39 | Crear | Villager (Male) |
| 23:39 | Crear | Villager (Male) |
| 23:46 | Crear | Unit 1920 |
| 23:50 | Crear | Villager (Male) |
| 23:51 | Crear | Villager (Male) |
| 23:51 | Crear | Villager (Male) |
| 23:59 | Construir | Pasture |
| 24:01 | Crear | Villager (Male) |
| 24:01 | Crear | Villager (Male) |
| 24:03 | Crear | Unit 1920 |
| 24:04 | Crear | Unit 1920 |
| 24:14 | Crear | Villager (Male) |
| 24:14 | Crear | Villager (Male) |
| 24:16 | Crear | Unit 1920 |
| 24:20 | Crear | Villager (Male) |
| 24:25 | Crear | Unit 1920 |
| 24:31 | Construir | Pasture |
| 24:34 | Crear | Villager (Male) |
| 24:34 | Crear | Villager (Male) |
| 24:38 | Crear | Villager (Male) |
| 24:51 | Crear | Unit 1920 |
| 24:51 | Crear | Unit 1920 |
| 24:53 | Crear | Villager (Male) |
| 24:53 | Crear | Villager (Male) |
| 25:02 | Construir | Pasture |
Cronología de la partida
| 9:31 | Shermanugus · age_up feudal |
| 10:25 | jaiderreyes4 · age_up feudal |
| 10:48 | Shermanugus · first_market_sell 100 stone |
| 10:51 | Shermanugus · first_market_buy 100 food |
| 11:10 | Clifordino · age_up feudal |
| 11:58 | La Pieza Geek · age_up feudal |
| 12:09 | 那須之浩 · age_up feudal |
| 12:38 | helpsu · first_market_sell 100 food |
| 12:38 | Clifordino · first_market_sell 100 wood |
| 12:40 | Clifordino · first_market_buy 100 food |
| 13:01 | 那須之浩 · first_market_sell 100 wood |
| 14:13 | Shermanugus · age_up castle |
| 14:45 | jaiderreyes4 · age_up castle |
| 15:20 | Shermanugus · first_building Barracks |
| 15:28 | Clifordino · age_up castle |
| 15:44 | 那須之浩 · age_up castle |
| 16:21 | Shermanugus · first_building Archery Range |
| 17:12 | Shermanugus · first_building Monastery |
| 17:36 | ArkaelS4 · first_building Castle |
| 17:38 | 那須之浩 · first_building Monastery |
| 17:57 | Clifordino · first_building Castle |
| 18:15 | iTzLiMa · first_market_buy 500 food |
| 18:23 | La Pieza Geek · age_up castle |
| 18:38 | 那須之浩 · first_building Castle |
| 18:49 | helpsu · first_building Barracks |
| 19:21 | helpsu · first_building Castle |
| 19:32 | ArkaelS4 · first_building Monastery |
| 19:34 | helpsu · first_market_buy 100 stone |
| 19:53 | jaiderreyes4 · first_building Monastery |
| 20:19 | La Pieza Geek · first_building Castle |
| 21:21 | La Pieza Geek · first_building Barracks |
| 21:26 | jaiderreyes4 · first_market_buy 100 food |
| 22:50 | ArkaelS4 · first_building Siege Workshop |
| 23:00 | La Pieza Geek · first_building Stable |
| 23:34 | helpsu · first_building Siege Workshop |
| 24:19 | La Pieza Geek · first_building Siege Workshop |
| 24:21 | iTzLiMa · first_building Barracks |
| 25:08 | jaiderreyes4 · first_market_sell 100 wood |
| 25:18 | iTzLiMa · first_building Stable |
| 25:27 | iTzLiMa · first_building Castle |
| 25:57 | ArkaelS4 · first_building Barracks |
| 26:55 | ArkaelS4 · first_building Stable |
| 27:07 | 那須之浩 · first_building Siege Workshop |
| 27:53 | Clifordino · first_building Barracks |
| 27:53 | jaiderreyes4 · first_building Barracks |
| 28:29 | jaiderreyes4 · first_building Stable |
| 28:47 | La Pieza Geek · first_building Archery Range |
| 28:47 | jaiderreyes4 · first_building Castle |
| 28:56 | jaiderreyes4 · age_up imperial |
| 29:39 | jaiderreyes4 · first_building Siege Workshop |
| 29:42 | 那須之浩 · age_up imperial |
| 29:49 | La Pieza Geek · first_building Monastery |
| 30:18 | 那須之浩 · first_building Barracks |
| 30:35 | iTzLiMa · first_building Archery Range |
| 30:43 | Shermanugus · first_building Castle |
| 30:50 | Shermanugus · age_up imperial |
| 31:37 | Clifordino · age_up imperial |
| 32:01 | Clifordino · tribute_sent a jugador 1 |
| 32:01 | Clifordino · tribute_sent a jugador 2 |
| 32:01 | Clifordino · tribute_sent a jugador 3 |
| 32:01 | Clifordino · tribute_sent a jugador 4 |
| 32:01 | Clifordino · tribute_sent a jugador 5 |
| 32:01 | Clifordino · tribute_sent a jugador 6 |
| 32:01 | Clifordino · tribute_sent a jugador 7 |
| 32:32 | Clifordino · first_building Archery Range |
| 32:58 | helpsu · first_building Archery Range |
| 33:58 | La Pieza Geek · age_up imperial |
| 34:32 | ArkaelS4 · first_market_sell 100 food |
| 36:05 | ArkaelS4 · first_building Archery Range |
| 36:20 | Clifordino · first_building Siege Workshop |
| 42:00 | jaiderreyes4 · resign |
| 44:42 | Shermanugus · first_building Stable |
[ ANÁLISIS IA · 1 CRÉDITO ]
¿Qué pasó realmente en esta partida?
Wolo.gg analiza cada decisión: build order, eco, micro, errores típicos por bracket. Análisis personalizado por WhatsApp o Discord en 30 segundos.
Guía civ
Celtas
Perfil
宝瀬博教